 Dungeon Crawl Stone Soup version 0.31-a0-819-gf6de2f5ab6 (webtiles) character file.

Game seed: 2283702647761927111

3098 qw the Skirmisher (level 9, -2/57 HPs)
             Began as a Gargoyle Hunter on Sept 23, 2023.
             Was a Believer of Okawaru.
             Slain by a two-headed ogre
             ... wielding a +0 giant club
              (16 damage)
             ... on level 7 of the Dungeon.
             The game lasted 00:02:02 (5087 turns).

qw the Skirmisher (Gargoyle Hunter)                 Turns: 5087, Time: 00:02:02

Health: -2/57      AC: 14    Str: 15    XL:     9   Next: 90%
Magic:  11/12      EV: 16    Int: 10    God:    Okawaru [**....]
Gold:   962        SH:  0    Dex: 17    Spells: 8/8 levels left

rFire   + . .        Y - +2 orcbow
rCold   . . .        (shield currently unavailable)
rNeg    + . .        j - +2 robe {rF+}
rPois   inf          (no helmet)
rElec   +            (no cloak)
rCorr   .            (no gloves)
SInv    +            h - +2 pair of boots
Will    .....        f - amulet of faith
Stlth   +++          g - ring of see invisible
HPRegen 0.29/turn    (no ring)
MPRegen 0.13/turn

%: faith
@: heroic
A: sickness immunity, AC +6, negative energy resistance 1, electricity
resistance, torment resistance 1, petrification resistance
a: Renounce Religion, Heroism


You were on level 7 of the Dungeon.
You worshipped Okawaru.
Okawaru was pleased with you.
You visited 2 branches of the dungeon, and saw 8 of its levels.

You collected 1275 gold pieces.
You spent 313 gold pieces at shops.


Innate Abilities, Weirdness & Mutations

You are immune to sickness and miasma.
Your stone body is resilient. (AC +6)
You are immune to poison.
You resist negative energy. (rN+)
You are resistant to electric shocks. (rElec)
You are resistant to unholy torment.
You are immune to petrification.


   Skills:
 + Level 7.3(12.3) Fighting
 - Level 11.2(16.2) Ranged Weapons
 - Level 2.3(7.3) Armour
 - Level 3.0(8.0) Dodging
 - Level 1.1(6.1) Stealth
 - Level 4.2 Invocations


You had 8 spell levels left.
You didn't know any spells.
Your spell library was empty.

Inventory:

Hand Weapons
 Y - a +2 orcbow (weapon)
Armour
 b - +0 steam dragon scales
 h - a +2 pair of boots (worn)
 j - a +2 robe of fire resistance (worn)
Jewellery
 f - an amulet of faith (around neck)
 g - a ring of see invisible (left hand)
Scrolls
 d - 5 scrolls of identify
Potions
 a - 5 potions of curing
 c - a potion of enlightenment
 i - a potion of mutation
 k - a potion of might

Dungeon Overview and Level Annotations

Branches:
Dungeon (7/15)             Temple (1/1) D:6

Altars:
Ashenzari
Cheibriados
Elyvilon
Fedhas
Gozag
Hepliaklqana
Kikubaaqudgha
Makhleb
Nemelex Xobeh
Okawaru
Qazlal
Sif Muna
Trog
Uskayaw
Vehumet
Wu Jian
Xom
Zin
The Shining One

Shops:
D:2 (   D:5 *


Message History

Enter note:
5075 ||| STILL RETREEAATING.
Enter note:
5076 ||| INVOKING Heroism.
You gain the combat prowess of a mighty hero.
You hear the quick hiss of an avalanche of sand nearby.
The shadow misses you.
You shoot an arrow.
The arrow hits the shadow but does no damage.
The shadow is severely damaged.
The shadow hits you.
You shoot an arrow. The arrow hits the shadow!
You destroy the shadow!
Okawaru accepts your kill.
Your base Ranged Weapons skill increases to level 11!
You shoot an arrow.
The arrow hits the two-headed ogre but does no damage.
You shoot an arrow. The arrow hits the two-headed ogre!
The two-headed ogre is moderately wounded.
You shoot an arrow. The arrow hits the two-headed ogre.
The two-headed ogre is moderately wounded.
You shoot an arrow.
The arrow closely misses the two-headed ogre.
The two-headed ogre hits you with a +0 giant club!!
The two-headed ogre barely misses you.
You shoot an arrow.
The arrow hits the two-headed ogre but does no damage.
The two-headed ogre is moderately wounded.
You shoot an arrow. The arrow hits the two-headed ogre!
The two-headed ogre is heavily wounded.
The two-headed ogre barely misses you.
The two-headed ogre hits you with a +0 giant club!!
You shoot an arrow. The arrow hits the two-headed ogre!
The two-headed ogre is severely wounded.
You shoot an arrow. The arrow hits the two-headed ogre!
The two-headed ogre is almost dead.
You shoot an arrow.
The arrow barely misses the two-headed ogre.
The two-headed ogre hits you with a +0 giant club!
You die...

### ###.# ###.).##
###...%..# #....)#..##
###..###...#
###.'.:.###@.##
###...##..#...O.# #
#......#......#'#.#
##..#..##...###...#
#......#.###......#
...##...#####.....#..#
#...#.#'#.#.....###%..#
#..###...##..## #..#
#...##...#.. ...#


You could see a two-headed ogre.

Vanquished Creatures
  5 yaks (D:7)
  A wyvern (D:7)
  A shadow (D:7)
  3 steam dragons
  2 water moccasins
  2 ice beasts
  3 ogres
  A phantom (D:6)
  A centaur (D:5)
  Blork the orc (D:5)
  2 bullfrogs
  3 scorpions
  A wight (D:7)
  A killer bee (D:7)
  3 hounds
  A jelly (D:6)
  A sleepcap (D:7)
  A gnoll bouda (D:6)
  2 iguanas
  3 orc wizards (D:3)
  6 adders
  2 white imps
  An ufetubus (D:5)
  A worm (D:5)
  3 dart slugs (D:1)
  4 orcs
  6 bats
  6 endoplasms
  5 giant cockroaches
  11 goblins
  6 hobgoblins
  6 jackals
  2 quokkas (D:1)
  4 ball pythons
  3 frilled lizards
  8 kobolds
  4 rats
116 creatures vanquished.

Notes
Turn   | Place    | Note
-------+----------+-------------------------------------------
     0 | D:1      | qw the Gargoyle Hunter began the quest for the Orb.
     0 | D:1      | Reached XP level 1. HP: 12/12 MP: 1/1
     0 | D:1      | 0 ||| qw: Version: 0.3-a-83-gcd0e7d8
     0 | D:1      | 0 ||| qw: Game counter: 1399
     0 | D:1      | 0 ||| qw: Melee chars always use a shield: true
     0 | D:1      | 0 ||| qw: God list: Okawaru
     0 | D:1      | 0 ||| qw: Allow faded altars: false
     0 | D:1      | 0 ||| qw: Do Orc after clearing Dungeon:15 true
     0 | D:1      | 0 ||| qw: Do second Lair branch before Depths: true
     0 | D:1      | 0 ||| qw: Lair rune preference: random
     0 | D:1      | 0 ||| qw: Goals: Normal
     0 | D:1      | 0 ||| PLANNING D:1-11
   113 | D:1      | Reached XP level 2. HP: 17/17 MP: 2/2
   291 | D:1      | Reached XP level 3. HP: 21/21 MP: 3/3
   357 | D:1      | Reached skill level 5 in Ranged Weapons
   722 | D:1      | 722 ||| UPGRADING to ring of see invisible.
   723 | D:1      | 723 ||| READING scroll labelled QUUCESHRERCH.
   724 | D:1      | 724 ||| READING scroll labelled BODICO VAOCOILU.
   725 | D:1      | 725 ||| READING scroll labelled QUOSEU EWKYGU.
   725 | D:1      | Identified a scroll of acquirement
   725 | D:1      | 725 ||| ACQUIRING 888 gold pieces
   725 | D:1      | Acquired 888 gold pieces
   727 | D:1      | 727 ||| DROPPING scroll of butterflies.
   990 | D:2      | Reached skill level 3 in Fighting
  1017 | D:2      | Found Buckann's Antique Weapon Shoppe.
  1026 | D:2      | 1026 ||| BUYING orcbow (73 gold).
  1026 | D:2      | Bought an orcbow for 73 gold pieces
  1026 | D:2      | 1026 ||| SWAPPING to +0 orcbow.
  1032 | D:2      | Reached XP level 4. HP: 26/28 MP: 4/4
  1038 | D:2      | 1038 ||| DROPPING +0 shortbow.
  1201 | D:2      | 1201 ||| READING scroll labelled YLACYSITIE.
  1202 | D:2      | 1202 ||| READING 3 scrolls of identify.
  1202 | D:2      | 1202 ||| IDENTIFYING golden potion
  1203 | D:2      | 1203 ||| READING 2 scrolls of identify.
  1203 | D:2      | 1203 ||| IDENTIFYING murky coppery potion
  1204 | D:2      | 1204 ||| DROPPING potion of attraction.
  1357 | D:3      | Found a hazy altar of Hepliaklqana.
  1693 | D:3      | Found a radiant altar of Vehumet.
  1699 | D:3      | Reached XP level 5. HP: 32/32 MP: 5/5
  1704 | D:3      | Found an ancient bone altar of Kikubaaqudgha.
  1711 | D:3      | Reached skill level 6 in Ranged Weapons
  1736 | D:3      | Found a shimmering blue altar of Sif Muna.
  1922 | D:3      | 1922 ||| UPGRADING to +0 ring mail.
  1932 | D:3      | 1932 ||| DROPPING +0 leather armour.
  1933 | D:3      | 1933 ||| DRINKING 2 fuming purple potions.
  1960 | D:4      | Identified the +0 hand axe of the Eye-covered God {vamp,
                  | rPois rN+}
  2022 | D:4      | Found a bloodstained altar of Trog.
  2047 | D:4      | Found a stormy altar of Qazlal.
  2128 | D:4      | Reached XP level 6. HP: 36/37 MP: 6/6
  2228 | D:4      | 2228 ||| UPGRADING to amulet of faith.
  2396 | D:4      | Found a glowing golden altar of the Shining One.
  2436 | D:4      | 2436 ||| UPGRADING to +2 pair of boots.
  2441 | D:4      | 2441 ||| READING 6 scrolls of identify.
  2441 | D:4      | 2441 ||| IDENTIFYING sedimented purple potion
  2466 | D:5      | Entered Level 5 of the Dungeon
  2707 | D:5      | Found Vabekaast's General Store.
  2710 | D:5      | 2710 ||| BUYING 2 potions of curing (90 gold).
  2710 | D:5      | Bought 2 potions of curing for 90 gold pieces
  2710 | D:5      | 2710 ||| BUYING potion of curing (45 gold).
  2710 | D:5      | Bought a potion of curing for 45 gold pieces
  2710 | D:5      | 2710 ||| BUYING potion of heal wounds (75 gold).
  2710 | D:5      | Bought a potion of heal wounds for 75 gold pieces
  2710 | D:5      | 2710 ||| BUYING scroll of identify (30 gold).
  2710 | D:5      | Bought a scroll of identify for 30 gold pieces
  2872 | D:5      | Noticed Blork the orc
  2883 | D:5      | Killed Blork the orc
  2995 | D:5      | HP: 9/39 [centaur/arrow (10)]
  2996 | D:5      | 2996 ||| DRINKING 2 potions of heal wounds.
  3096 | D:5      | Found a blossoming altar of Fedhas.
  3280 | D:5      | Noticed a water moccasin
  3308 | D:5      | HP: 7/39 [water moccasin (7)]
  3309 | D:5      | 3309 ||| DRINKING potion of heal wounds.
  3313 | D:5      | Killed a water moccasin
  3314 | D:5      | Reached skill level 7 in Ranged Weapons
  3314 | D:5      | Reached XP level 7. HP: 28/44 MP: 7/7
  3603 | D:5      | 3603 ||| UPGRADING to +2 robe of fire resistance.
  3613 | D:5      | 3613 ||| DROPPING +0 ring mail.
  3614 | D:5      | 3614 ||| READING scroll labelled WOOCKUARHUR.
  3615 | D:5      | 3615 ||| READING 6 scrolls of identify.
  3615 | D:5      | 3615 ||| IDENTIFYING amethyst potion
  3616 | D:5      | 3616 ||| READING 5 scrolls of identify.
  3616 | D:5      | 3616 ||| IDENTIFYING blue potion
  3737 | D:6      | 3737 ||| FLEEEEING.
  3738 | D:6      | 3738 ||| FLEEEEING.
  3739 | D:6      | 3739 ||| FLEEEEING.
  3740 | D:6      | 3740 ||| FLEEEEING.
  3742 | D:6      | 3742 ||| FLEEEEING.
  3743 | D:6      | 3743 ||| FLEEEEING.
  3744 | D:6      | 3744 ||| FLEEEEING.
  3745 | D:6      | 3745 ||| FLEEEEING.
  3746 | D:6      | 3746 ||| FLEEEEING.
  3747 | D:6      | 3747 ||| FLEEEEING.
  3748 | D:6      | 3748 ||| FLEEEEING.
  3749 | D:6      | 3749 ||| FLEEEEING.
  3750 | D:6      | 3750 ||| FLEEEEING.
  3751 | D:6      | 3751 ||| FLEEEEING.
  3752 | D:6      | 3752 ||| FLEEEEING.
  3753 | D:6      | 3753 ||| FLEEEEING.
  3754 | D:6      | 3754 ||| FLEEEEING.
  3755 | D:6      | 3755 ||| FLEEEEING.
  3756 | D:6      | 3756 ||| STAIRDANCE
  3807 | D:6      | Reached skill level 8 in Ranged Weapons
  3840 | D:6      | Found a staircase to the Ecumenical Temple.
  3841 | D:6      | 3841 ||| PLANNING TEMPLE
  3841 | D:6      | 3841 ||| READING scroll labelled GASIOTAEVO.
  3942 | D:6      | 3942 ||| READING scroll labelled ITUAKKESS.
  3982 | Temple   | Entered the Ecumenical Temple
  3983 | Temple   | 3983 ||| PLANNING OKAWARU WORSHIP
  4000 | Temple   | Became a worshipper of Warmaster Okawaru
  4001 | Temple   | 4001 ||| PLANNING D:1-11
  4088 | D:6      | Noticed a steam dragon
  4089 | D:6      | 4089 ||| RETREEAATING.
  4095 | D:6      | Reached XP level 8. HP: 46/49 MP: 8/8
  4117 | D:6      | Reached * piety under Okawaru
  4118 | D:6      | Reached skill level 9 in Ranged Weapons
  4166 | D:6      | 4166 ||| INVOKING Heroism.
  4169 | D:6      | 4169 ||| RETREEAATING.
  4170 | D:6      | 4170 ||| STILL RETREEAATING.
  4171 | D:6      | 4171 ||| Stepping ~*~*~tactically~*~*~ (retreating).
  4172 | D:6      | 4172 ||| Stepping ~*~*~tactically~*~*~ (retreating).
  4173 | D:6      | 4173 ||| Stepping ~*~*~tactically~*~*~ (retreating).
  4174 | D:6      | 4174 ||| Stepping ~*~*~tactically~*~*~ (retreating).
  4175 | D:6      | 4175 ||| Stepping ~*~*~tactically~*~*~ (retreating).
  4182 | D:6      | 4182 ||| INVOKING Heroism.
  4193 | D:6      | Reached skill level 6 in Fighting
  4214 | D:6      | Reached skill level 1 in Invocations
  4349 | D:6      | Found a sparkling altar of Nemelex Xobeh.
  4460 | D:6      | 4460 ||| READING scroll of enchant weapon.
  4460 | D:6      | 4460 ||| ENCHANTING +1 orcbow.
  4521 | D:6      | 4521 ||| READING scroll labelled EVEZIPUONG.
  4553 | D:7      | Noticed a +0 dagger
  4553 | D:7      | Noticed a +0 hand axe
  4553 | D:7      | Found a hide-covered altar of Uskayaw.
  4554 | D:7      | 4554 ||| PLANNING OSSUARY
  4563 | D:7      | 4563 ||| INVOKING Heroism.
  4590 | D:7      | Noticed a wyvern
  4598 | D:7      | 4598 ||| INVOKING Heroism.
  4601 | D:7      | Killed a wyvern
  4602 | D:7      | Reached XP level 9. HP: 39/56 MP: 7/11
  4780 | D:7      | Reached skill level 10 in Ranged Weapons
  4780 | D:7      | Reached skill level 3 in Invocations
  4786 | D:7      | 4786 ||| INVOKING Heroism.
  4797 | D:7      | Reached skill level 3 in Dodging
  4803 | D:7      | Reached ** piety under Okawaru
  4804 | D:7      | 4804 ||| FLEEEEING.
  4805 | D:7      | 4805 ||| FLEEEEING.
  4806 | D:7      | 4806 ||| FLEEEEING.
  4807 | D:7      | 4807 ||| FLEEEEING.
  4808 | D:7      | 4808 ||| FLEEEEING.
  4809 | D:7      | 4809 ||| FLEEEEING.
  4810 | D:7      | 4810 ||| FLEEEEING.
  4811 | D:7      | 4811 ||| FLEEEEING.
  4812 | D:7      | 4812 ||| FLEEEEING.
  4816 | D:7      | 4816 ||| INVOKING Heroism.
  4980 | D:7      | 4980 ||| INVOKING Heroism.
  5038 | D:7      | 5038 ||| INVOKING Heroism.
  5072 | D:7      | Noticed a two-headed ogre
  5073 | D:7      | 5073 ||| RETREEAATING.
  5074 | D:7      | 5074 ||| STILL RETREEAATING.
  5075 | D:7      | 5075 ||| STILL RETREEAATING.
  5076 | D:7      | 5076 ||| INVOKING Heroism.
  5079 | D:7      | Reached skill level 11 in Ranged Weapons
  5084 | D:7      | HP: 13/57 [two-headed ogre/+0 giant club (23)]
  5087 | D:7      | Slain by a two-headed ogre

Levels and vault maps discovered:
D:1:      eino_arrival_cavern_d, layout_loops_ring, st_stairs_1
D:2:      layout_rooms, serial_shops, shop
D:3:      layout_basic, palyth_temple_overflow_mages,
          nicolae_hepliaklqana_hippocampus
D:4:      layout_gridville, mainiacjoe_overflow_chevrons, trog_book,
          nicolae_tso_carved_into_rock, dreamdust_wishing_well,
          serial_bayou_lake_a
D:5:      layout_loops_corners, fedhas_bush_and_centaur_altar, serial_shops,
          nicolae_shop_behind_doors, roderic_serpentine_path, uniq_blork_the_orc
D:6:      minmay_octagon_keep, layout_rooms, lemuel_crystal_altar,
          lemuel_temple_firewalk_b
D:7:      minmay_slanted_spiral_squares, layout_loops_ring,
          dancing_weapons_uskayaw, nicolae_ossuary_entry_monument
Temple:   compressed_dpeg_triangle_lava_temple

Skill      XL: |  1  2  3  4  5  6  7  8  9 |
---------------+----------------------------+-----
Ranged Weapons | 5 6 7 8 9 11 | 11.2
Fighting       | 3 4 5 6 7 |  7.3
Armour         | 2 |  2.3
Dodging        | 2 3 |  3.0
Invocations    | 2 4 |  4.2
Stealth        | |  1.1

Action                     |  1- 3 |  4- 6 |  7- 9 || total
---------------------------+-------+-------+-------++-------
   Fire: Shortbow          |    93 |       |       ||    93
         Orcbow            |     5 |   156 |   204 ||   365
 Invoke: Heroism           |       |       |     9 ||     9
    Use: Scroll            |     3 |     4 |     7 ||    14
         Potion            |       |     3 |       ||     3
 Armour: Leather armour    |    30 |    13 |       ||    43
         Ring mail         |       |    62 |       ||    62
         Robe              |       |       |    78 ||    78
  Dodge: Dodged            |    26 |    58 |    75 ||   159

Table legend:
 A = Non-vault XP
 B = Vault XP
 C = Vault XP percentage of total XP
 D = Non-vault monster count
 E = Vault monster count
 F = Vault count percentage of total count
                 A         B        C        D         E       F
            +---------+---------+-------+---------+---------+-------
      Total |    2630 |    1796 |  40.6 |      93 |      23 |  19.8
            +---------+---------+-------+---------+---------+-------
        D:1 |      43 |       5 |  10.4 |      24 |       2 |   7.7
        D:2 |      58 |       0 |   0.0 |      20 |       0 |   0.0
        D:3 |      30 |     104 |  77.6 |      16 |       3 |  15.8
        D:4 |     103 |       0 |   0.0 |       8 |       0 |   0.0
        D:5 |     206 |     196 |  48.8 |       5 |       2 |  28.6
        D:6 |     579 |     728 |  55.7 |      10 |       8 |  44.4
        D:7 |    1611 |     763 |  32.1 |      10 |       8 |  44.4
            +---------+---------+-------+---------+---------+-------
